[Event "*** Titled Tuesday Blitz"]
[Site "Chess.com"]
[Date "2018.08.07"]
[Round "1"]
[White "MarshKnight"]
[Black "nonscitis"]
[Result "1-0"]
[WhiteElo "2109"]
[BlackElo "2449"]
[TimeControl "180+2"]
[EndTime "13:10:03 PDT"]
[Termination "MarshKnight won by resignation"]

1. e4 e6 2. d4 d5 3. Nc3 Bb4 4. e5 c5 5. a3 Bxc3+ 6. bxc3 Ne7 7. a4 O-O 8. Nf3 Nbc6 9. Bd3 f5 10. exf6 Rxf6 11.
Bg5 Rf7 12. dxc5 h6 13. Be3 e5 14. Bb5 e4 15. Nd4 Bd7 16. O-O a6 17. Be2 Nf5 18.
Nxf5 Bxf5 19. Rb1 Rd7 20. Bd4 Qa5 21. Bg4 Rf8 22. Bxf5 Rxf5 23. Qg4 Rff7 24. Rfd1 Qxa4 25. Rb3 Na5 26. Rb6 Qxc2 27. Rxh6 Nc6 28. Re6 Nxd4 29. Re8+ Rf8 30. Rxf8+ Kxf8 31. cxd4 Re7 32. Rf1 Qa4 33.
Qc8+ Qe8 34. Qf5+ Qf7 35. Qc8+ Re8 36. Qh3 Kg8 37. Qe3 a5 38. h3 a4 39. Ra1 Ra8 40. Qc3 Qd7 41. Qb4 Qc6 42. Ra3 Ra6 43. h4 Kh8 44. Qd2 Qh6 45. Qb2 Kh7 46. Qxb7 Qc1+ 47.
Kh2 Qxa3 48. Qxa6 Qb4 49. h5 Qb8+ 50. Qd6 Qe8 51. c6 Qxh5+ 52. Kg1 Qd1+ 53. Kh2 Qh5+ 54. Kg3 a3 55. c7 Qg5+ 56. Kh2 Qh5+ 57. Kg3 Qg5+ 58.
Kh2 a2 59. c8=Q Qh5+ 60. Qh3 Qxh3+ 61. Kxh3 a1=Q 62. Qxd5 Qh1+ 63. Kg3 Qb1 64. Kf4 Qf1 65. Qxe4+ Kh6 66. Qe6+ Kh7 67. Qh3+ Kg8 68. Qf3 Qc1+ 69.
Kg4 Qc3 70. Qxc3 1-0

[Event "*** Titled Tuesday Blitz"]
[Site "Chess.com"]
[Date "2018.08.07"]
[Round "1"]
[White "Laico"]
[Black "murmah2003"]
[Result "1-0"]
[WhiteElo "2258"]
[BlackElo "2577"]
[TimeControl "180+2"]
[EndTime "13:10:15 PDT"]
[Termination "Laico won by checkmate"]

1. e4 d6 2. d4 e5 3. Nf3 exd4 4. Nxd4 Nf6 5. Nc3 Be7 6. Be3 O-O 7. Qd2 a6 8. f3 c5 9. Nf5 Bxf5 10. exf5 d5 11.
Bg5 d4 12. Bxf6 Bxf6 13. Ne4 Nc6 14. O-O-O Re8 15. g4 Rxe4 16. Kb1 Re6 17. fxe6 fxe6 18. Bc4 Qd6 19. Rde1 Re8 20. f4 b5 21. Bf1 Bd8 22. Bg2 Ba5 23. c3 Ne7 24. Qd3 Ng6 25. Rd1 Nxf4 26.
Qe4 Nxg2 27. Qxg2 d3 28. Rhe1 c4 29. Re4 e5 30. g5 Bb6 31. h4 Rf8 32. Qg3 Bc7 33. h5 Qd5 34. Qe3 Qc6 35. a4 Qd5 36. Rg4 Qe6 37. Rg2 Qf5 38. Re1 d2+ 39. Ka2 dxe1=Q 40. Qxe1 bxa4 41. Qe2 Qd3 42. Qg4 Qd5 43. Rg1 Bb6 44. Rd1 Qc6 45. Rd7 Rf4 46. Qh3 Rf3 47. Qg4 Rf4 48. Qh3 Qf3 49. Qe6+ Kh8 50. Qxb6 Rf8 51.
h6 gxh6 52. Qxh6 Qf5 53. Qg7# 1-0

[Event "*** Titled Tuesday Blitz"]
[Site "Chess.com"]
[Date "2018.08.07"]
[Round "1"]
[White "GMHess"]
[Black "keisyzrk"]
[Result "1-0"]
[WhiteElo "2629"]
[BlackElo "2277"]
[TimeControl "180+2"]
[EndTime "13:10:26 PDT"]
[Termination "GMHess won by resignation"]

1. e4 c6 2. Nc3 d5 3. d4 dxe4 4. Nxe4 Nf6 5. Nxf6+ exf6 6. c3 Bf5 7. Ne2 Bd6 8. Ng3 Bg6 9. Qb3 Qe7+ 10. Be2 O-O 11. f4 Bd3 12. Qd1 Bxe2 13. Qxe2 Re8 14. Qxe7 Rxe7+ 15. Kf2 g6 16. Bd2 Nd7 17. Rhe1 Rae8 18. Kf3 f5 19. Rxe7 Rxe7 20. Re1 Rxe1 21. Bxe1 Nf6 22.
c4 h5 23. h3 Be7 24. a3 Nd7 25. Ne2 Kf8 26. Ke3 Nf6 27. Nc3 Ke8 28. Bh4 Kd7 29.
Bg5 Ng8 30. Bxe7 Nxe7 31. b4 Ke6 32. a4 Kd6 33. a5 Ke6 34. Na4 Kd6 35. Kd3 Nc8 36. Nc3 Ke6 37. Ne2 b6 38. axb6 axb6 39. Ng1 b5 40. Nf3 Nd6 41. d5+ cxd5 42. Nd4+ Kd7 43.
c5 Ne4 44. Nxb5 Kc6 45. Nd4+ Kd7 46. Nf3 Kc6 47. Kd4 f6 48. Nh4 Nd2 49. Nxg6 Nb3+ 50.
Kc3 Nc1 51. Ne7+ Kb5 52. Nxd5 Ne2+ 53. Kd3 Nc1+ 54. Kd2 Nb3+ 55. Kc3 Nc1 56. Nxf6 Ne2+ 57. Kb3 Nxf4 58. g3 Nxh3 59. Nxh5 Ng5 60. Nf4 Ne4 61.
Ne2 Nd2+ 62. Kc2 Ne4 63. Nc3+ Kxb4 64. Nxe4 Kb5 65. Nd6+ Kxc5 66. Nxf5 Kd5 67. Kd3 1-0

[Event "*** Titled Tuesday Blitz"]
[Site "Chess.com"]
[Date "2018.08.07"]
[Round "1"]
[White "Adham_Fawzy"]
[Black "ChrisTool2"]
[Result "0-1"]
[WhiteElo "2552"]
[BlackElo "2240"]
[TimeControl "180+2"]
[EndTime "13:10:48 PDT"]
[Termination "ChrisTool2 won by checkmate"]

1. e4 c5 2. Nf3 e6 3. d4 cxd4 4. Nxd4 a6 5. c4 b6 6. Nc3 Bb7 7. Be3 Qc7 8. Be2 d6 9. O-O Nf6 10. f3 Nbd7 11. Rc1 Be7 12. Qe1 O-O 13. b4 Rac8 14.
g4 Qb8 15. g5 Ne8 16. Qg3 Ne5 17. Na4 Bd8 18. f4 Nxc4 19. Bxc4 b5 20. Bxe6 fxe6 21. Nxe6 Rf7 22. Nxd8 Rxd8 23. Nc3 d5 24. exd5 Nd6 25. f5 Nxf5 26. Qxb8 Rxb8 27. Bc5 Rd8 28. Rcd1 g6 29. Ne4 Kg7 30. Nf6 h6 31. h4 Nxh4 32. gxh6+ Kxh6 33. Ng4+ Kg7 34. Bd4+ Kf8 35. Bf6 Rxf6 36. Rxf6+ Kg7 37.
d6 Bf3 38. Rf1 Bxg4 39. R6f4 Nf3+ 40. Kg2 Ne5 41. Rd4 Bf5 42. a3 Kf6 43. Kg3 Nc4 44. Rfd1 Ke6 45. d7 Ke7 46. Re1+ Kf7 47. Red1 Nxa3 48.
Kf4 Nc4 49. Kg5 Ne5 50. Rd6 Ke7 51. Rxa6 Nf7+ 52. Kf4 Rxd7 53. Re1+ Kf8 54. Rb6 Rd4+ 55. Kf3 Rxb4 56. Rb7 Ng5+ 57. Kg3 Ne4+ 58. Kf4 Nc5+ 59. Kg5 Nxb7 60. Kf6 Nd6 61. Rd1 Ne8+ 62. Ke5 Re4+ 63.
Kd5 b4 64. Kc5 b3 65. Rd2 Re3 66. Rb2 Rc3+ 67. Kd5 Nf6+ 68. Ke5 Kf7 69. Rh2 Rc2 70. Rh4 b2 71. Rb4 Re2+ 72. Kf4 b1=Q 73. Rb7+ Re7 74. Rxe7+ Kxe7 75. Kg5 Qc1+ 76. Kh4 Qf4# 0-1

[Event "*** Titled Tuesday Blitz"]
[Site "Chess.com"]
[Date "2018.08.07"]
[Round "1"]
[White "nailbeshirli"]
[Black "ZoltanChef"]
[Result "1-0"]
[WhiteElo "2521"]
[BlackElo "2205"]
[TimeControl "180+2"]
[EndTime "13:10:53 PDT"]
[Termination "nailbeshirli won by resignation"]

1. e4 c5 2. Nf3 d6 3. Nc3 Nf6 4. e5 dxe5 5. Nxe5 Nfd7 6. Nc4 Nc6 7. g3 e6 8. Bg2 Be7 9. O-O O-O 10. d3 Nb6 11.
Nxb6 Qxb6 12. Be3 Qxb2 13. Qd2 Nd4 14. Rfc1 Nf5 15. Rab1 Qa3 16. Bf4 Qa6 17. Nb5 Bd8 18. Qc3 Nd4 19. Nxd4 cxd4 20. Qxd4 Bb6 21. Qb2 Bd7 22. c4 Bc6 23. Bxc6 bxc6 24. Be5 f6 25. Bd6 Rfe8 26. c5 Bd8 27. Qb7 Qxb7 28. Rxb7 Ba5 29. Rcb1 Bc3 30. Rc7 Rec8 31. Re7 Re8 32. Rc7 Rec8 33.
Rbb7 Rxc7 34. Rxc7 Rb8 35. Rxc6 Rb2 36. Rc8+ Kf7 37. Rf8+ Kg6 38. c6 Ba5 39. c7 Bxc7 40. Bxc7 Rxa2 41. Ra8 e5 42. Bd6 a5 43. Kg2 Rd2 44.
Bf8 Kf7 45. Ba3 Rxd3 46. Rxa5 Rd7 47. Bc1 Kg6 48. Be3 Kf5 49. h3 h5 50. Kf3 Rb7 51. Ra8 Rd7 52. Rh8 Kg6 53. Ke4 Rb7 54.
Kf3 Rd7 55. g4 hxg4+ 56. hxg4 Rb7 57. Rd8 Rc7 58. Rd5 Rb7 59. Rc5 Rd7 60. Rc6 Rb7 61.
Rc4 Rd7 62. Ke4 Rb7 63. Bc5 Rc7 64. Kd5 Rc8 65. Be3 Rd8+ 66. Ke6 Re8+ 67. Kd7 Rb8 68.
Rc7 Rb4 69. Ke7 Rxg4 70. Kf8 Kh5 71. Rxg7 Rxg7 72. Kxg7 f5 73. Kf6 f4 74. Kxe5 fxe3 75.
fxe3 Kg6 76. Ke6 Kg7 77. e4 Kf8 78. Kd7 Kf7 79. e5 Kg6 80. e6 Kf5 81. e7 1-0

[Event "*** Titled Tuesday Blitz"]
[Site "Chess.com"]
[Date "2018.08.07"]
[Round "1"]
[White "francogreek"]
[Black "Micki-taryan"]
[Result "1/2-1/2"]
[WhiteElo "2418"]
[BlackElo "2915"]
[TimeControl "180+2"]
[EndTime "13:10:55 PDT"]
[Termination "Game drawn - insufficient material"]

1. e4 e5 2. Nf3 Nc6 3. Nc3 Bb4 4. d4 exd4 5. Nxd4 Nf6 6. Nxc6 bxc6 7. Bd3 O-O 8. O-O Re8 9. f3 d5 10. Bd2 Rb8 11. Kh1 Be6 12. e5 Nd7 13. f4 f5 14.
exf6 Nxf6 15. a3 Bf8 16. b4 Bg4 17. Qc1 d4 18. Na4 Ne4 19. Be1 Qd5 20. Qb2 c5 21. Qa2 Qxa2 22. Rxa2 cxb4 23. axb4 Bxb4 24. Bxb4 Rxb4 25.
Bxe4 Rxe4 26. Nc5 Rxf4 27. Re1 Rc4 28. Nd3 Rf8 29. Ne5 Re8 30. Raa1 Rxc2 31. Nxg4 Rxe1+ 32. Rxe1 d3 33. Rd1 c5 34. Kg1 c4 35. Ne3 Rc3 36.
Nxc4 Rxc4 37. Rxd3 Rc8 38. Ra3 Ra8 39. Ra6 Kf7 40. Kf2 Ke7 41. Ke3 Kd7 42. Kd4 Kc7 43. Kc5 Kb7 44. Re6 Rc8+ 45. Kb5 Rc7 46. g3 Rf7 47.
Re5 a6+ 48. Kc5 Rc7+ 49. Kb4 Kb6 50. Re6+ Rc6 51. Re7 a5+ 52. Ka4 Rc4+ 53. Kb3 Rg4 54. Rf7 a4+ 55. Ka3 Kb5 56. Rb7+ Kc5 57. Rd7 Kc6 58. Rd2 Rc4 59. Rd3 g5 60. Rf3 Kb5 61. Rf5+ Rc5 62. Rf3 g4 63. Re3 Rf5 64. Re4 Rf3+ 65.
Ka2 Rf2+ 66. Ka3 Rf3+ 67. Ka2 a3 68. Rxg4 h5 69. Rh4 Kc5 70. Rxh5+ Kb4 71. Rh4+ Kc5 72. Rh8 Kb4 73. Rb8+ Ka4 74. Ra8+ Kb4 75. Rb8+ Ka4 76. Ra8+ Kb4 77. Rb8+ Kc4 78. Rc8+ Kd4 79.
Rc2 Rd3 80. Rg2 Ke4 81. g4 Rh3 82. g5 Rh8 83. g6 Kf3 84. Rg3+ Kf4 85. g7 Rg8 86. Kxa3 Kf5 87. Kb4 Kf6 88. Kc5 Rxg7 89. Rxg7 Kxg7 90. h4 Kh6 91. h5 Kxh5 1/2-1/2

[Event "*** Titled Tuesday Blitz"]
[Site "Chess.com"]
[Date "2018.08.07"]
[Round "1"]
[White "NateSolon"]
[Black "DACF2905"]
[Result "1-0"]
[WhiteElo "2489"]
[BlackElo "2112"]
[TimeControl "180+2"]
[EndTime "13:11:03 PDT"]
[Termination "NateSolon won by resignation"]

1. d4 Nf6 2. Bg5 Ne4 3. Bf4 c5 4. f3 Nf6 5. dxc5 Nc6 6. Nc3 e5 7. Bg5 Bxc5 8. Qd2 h6 9. Bh4 g5 10. Bg3 d5 11. e4 d4 12. Nd1 Qb6 13. Bc4 Be6 14. Bxe6 fxe6 15. Ne2 O-O-O 16. a3 Nh5 17. Nc1 Nf4 18. Bxf4 gxf4 19. Nd3 Rhg8 20. O-O Rd7 21. Kh1 Rdg7 22. Rg1 Bd6 23. b4 Ne7 24. N1b2 Qc6 25. Rac1 Qc3 26. Qxc3+ dxc3 27. Na4 Nc6 28. Nxc3 Nd4 29. Rce1 Nxc2 30. Rc1 Ne3 31. Nd5+ Kd7 32. Nf6+ Ke7 33. Nxg8+ Rxg8 34. Nb2 b5 35. Nd1 Nc4 36. Rc3 a5 37. bxa5 Bxa3 38. Rb3 Bc5 39. Rxb5 Bxg1 40. Kxg1 Ra8 41. Nb2 Nxb2 42. Rxb2 Rxa5 43. Rb7+ Kf6 44.
h3 Ra2 45. Kh2 Rc2 46. Rb8 Re2 47. Rg8 Ra2 48. h4 Ra7 49. Kh3 Rg7 50. Re8 Rg3+ 51. Kh2 Rg7 52. Rf8+ Ke7 53. Rh8 Rg6 54. h5 Rf6 55.
Kh3 Kf7 56. Rh7+ Kg8 57. Ra7 Rf7 58. Ra6 Re7 59. Ra5 Kf7 60. Rxe5 Kf6 61. Ra5 e5 62.
Ra6+ Kg5 63. g4 fxg3 64. Kxg3 Kxh5 65. Rf6 Kg5 66. Rf5+ Kg6 67. Kg4 Re6 68. Rf8 Kg7 69.
Rf5 Kg6 70. Kh4 Re8 71. Kg4 Re6 72. f4 exf4 73. Kxf4 h5 74. Rg5+ Kh6 75. Rf5 Kg6 76.
e5 Ra6 77. Rf8 Ra4+ 78. Kg3 Rg4+ 79. Kf3 Ra4 80. e6 Ra3+ 81. Ke4 Ra4+ 82. Kd5 h4 83. e7 Ra5+ 84. Ke4 Ra4+ 85. Kf3 Ra3+ 86. Kg4 Ra4+ 87. Kh3 Ra3+ 88. Kxh4 Ra4+ 89. Kh3 Ra3+ 90. Kg4 Ra4+ 91. Kf3 Ra3+ 92. Ke4 Ra4+ 93. Kd5 Ra5+ 94. Kc4 Ra4+ 95. Kb5 Re4 96. e8=Q+ 1-0

[Event "*** Titled Tuesday Blitz"]
[Site "Chess.com"]
[Date "2018.08.07"]
[Round "1"]
[White "Morshynska"]
[Black "Abrito99"]
[Result "0-1"]
[WhiteElo "2137"]
[BlackElo "2492"]
[TimeControl "180+2"]
[EndTime "13:11:45 PDT"]
[Termination "Abrito99 won by resignation"]

1. d4 Nf6 2. c4 g6 3. d5 Bg7 4. Nc3 O-O 5. e4 d6 6. Bd3 e6 7. Nge2 Re8 8. O-O exd5 9. cxd5 Nbd7 10. f3 c6 11. dxc6 Qb6+ 12. Kh1 bxc6 13. Na4 Qc7 14. Be3 d5 15. Bf4 Qa5 16. Bd2 Qd8 17. exd5 Ne5 18. Bc3 Nxd5 19. Be4 Ba6 20. Re1 Qh4 21. Bxd5 cxd5 22.
Qd4 Qd8 23. Ng3 Rc8 24. Nc5 Qb6 25. Nxa6 Qxa6 26. f4 Rc4 27. Qxd5 Rxf4 28. Bxe5 Bxe5 29. Rxe5 Rc8 30. Rae1 Qf6 31. Re8+ Rxe8 32. Rxe8+ Kg7 33.
Qe5 Qxe5 34. Rxe5 Rd4 35. Re1 Rd2 36. Rb1 f5 37. Kg1 Kf6 38. Kf1 Ke5 39. Ne2 Ke4 40. Ke1 Rc2 41. a3 Ke3 42. Nc3 Rxg2 43. Kd1 Kd3 44.
Ke1 Rxh2 45. Rd1+ Kc2 46. Rd7 Kxb2 47. Nb5 a6 48. Nc7 a5 49. a4 Kb3 50. Rd4 Ra2 51. Nb5 Rxa4 52. Rd7 Rh4 53. Nd4+ Kc4 54. Nf3 Rh3 55. Kf2 a4 56. Ra7 Kb4 57. Rb7+ Ka3 58. Kg2 Rh5 59. Rb5 f4 60. Rb7 Ka2 61. Nd2 Rd5 62. Nc4 h6 63. Rb2+ Ka1 64. Rc2 Rd4 65. Rc3 g5 66. Kf3 h5 67. Nb6 Kb2 68. Rc5 g4+ 69.
Kg2 f3+ 70. Kg3 a3 71. Nc4+ Rxc4 72. Rxc4 a2 73. Ra4 a1=Q 0-1

[Event "*** Titled Tuesday Blitz"]
[Site "Chess.com"]
[Date "2018.08.07"]
[Round "1"]
[White "CarlssonLudvig"]
[Black "jk13"]
[Result "1/2-1/2"]
[WhiteElo "2204"]
[BlackElo "2506"]
[TimeControl "180+2"]
[EndTime "13:12:10 PDT"]
[Termination "Game drawn - insufficient material"]

1. d4 Nf6 2. Nf3 e6 3. Bg5 h6 4. Bh4 d6 5. Nbd2 g5 6. Bg3 Nh5 7. e4 Bg7 8. c3 Nd7 9. Bd3 a6 10. Nf1 b5 11. Qe2 Bb7 12. N3d2 Nxg3 13. Nxg3 Nf6 14.
Nh5 Nxh5 15. Qxh5 c5 16. dxc5 dxc5 17. Bc2 Qe7 18. h4 O-O-O 19. O-O-O Bf6 20. hxg5 hxg5 21. Qe2 Qc7 22. Kb1 c4 23. f3 Be5 24. Rxh8 Rxh8 25.
Nf1 Bf4 26. Ne3 Qc5 27. Ng4 Bc6 28. e5 Bd5 29. Be4 Rd8 30. Kc2 Bxe4+ 31. Qxe4 Rxd1 32. Qa8+ Kc7 33. Kxd1 Qd5+ 34. Qxd5 exd5 35. Nh6 Bxe5 36.
Nxf7 Bf6 37. g3 Kd7 38. Nh6 Be5 39. Nf7 Bf6 40. Nh6 Ke6 41. f4 gxf4 42. gxf4 Bg7 43.
Ng4 Kf5 44. Ne3+ Ke4 45. Nc2 Bf8 46. Nd4 Bc5 47. Ne6 Bb6 48. Nf8 Kxf4 49. Nd7 Ba7 50. Nf6 Ke5 51. Ng4+ Kf5 52. Nh2 Kf4 53. Nf1 Be3 54.
b3 Kf3 55. bxc4 bxc4 56. Nh2+ Kg3 57. Nf1+ Kf2 58. Nh2 Kg2 59. Ng4 Bg5 60. Kc2 Kf3 61. Ne5+ Ke4 62. Nc6 Be3 63. Nb8 a5 64. Nc6 a4 65.
Kb2 Bc5 66. Kc2 Ke3 67. Ne5 Ke4 68. Nc6 a3 69. Na5 Ke5 70. Nc6+ Kd6 71. Nd8 Ke7 72. Nc6+ Ke6 73. Nd8+ Kf6 74. Nc6 Kf5 75. Kd2 Ke6 76.
Nd8+ Ke7 77. Nc6+ Kd6 78. Nd8 Bb6 79. Nf7+ Ke6 80. Ng5+ Kf5 81. Nf3 Ke4 82. Ne1 Ba5 83. Nc2 Kf4 84. Nxa3 Ke4 85. Nc2 Kf4 86. Nd4 Ke4 87.
a4 Bb6 88. Nc6 d4 89. cxd4 Bxd4 90. a5 Bc5 91. Kc3 Kd5 92. Nb4+ Bxb4+ 93. Kxb4 c3 94. Kxc3 Kc5 95. a6 Kb6 96. a7 Kxa7 1/2-1/2

[Event "*** Titled Tuesday Blitz"]
[Site "Chess.com"]
[Date "2018.08.07"]
[Round "1"]
[White "narutosmith"]
[Black "LucaBrasi1968"]
[Result "0-1"]
[WhiteElo "2097"]
[BlackElo "2478"]
[TimeControl "180+2"]
[EndTime "13:12:14 PDT"]
[Termination "LucaBrasi1968 won on time"]

1. e4 c6 2. d4 d5 3. e5 Bf5 4.
Nd2 e6 5. Nb3 Nd7 6. Nf3 h6 7.
Be2 Ne7 8. O-O Bh7 9. a4 a5 10. Ne1 Nf5 11. Nd3 Be7 12. c3 O-O 13. f4 b6 14. Bg4 c5 15. Bxf5 Bxf5 16. Ne1 Rc8 17. Be3 Bh7 18. g4 f5 19. Ng2 fxg4 20. Qxg4 Bf5 21.
Qg3 Qe8 22. Nd2 cxd4 23. Bxd4 Nc5 24. Ne3 Bd3 25. Rf2 Qf7 26. b4 axb4 27. cxb4 Ne4 28.
Nxe4 Bxe4 29. a5 bxa5 30. bxa5 Kh7 31. a6 Rg8 32. a7 Qe8 33. f5 Bg5 34. h4 Bxe3 35.
Qg6+ Qxg6+ 36. fxg6+ Bxg6 37. Bxe3 Bf5 38. Rfa2 Ra8 39.
Rc1 d4 40. Bxd4 Be4 41. Rc7 Bd5 42. Rf2 Rgf8 43. Rff7 Rxf7 44. Rxf7 Rc8 45. Re7 Rc4 46. Bf2 Rg4+ 47. Kf1 Ra4 48. Rc7 Kg6 49. Bb6 Kf5 50.
Rxg7 Kxe5 51. Bc7+ Kf6 52. Rh7 Kg6 53. Re7 Rxa7 54.
Bd6 Ra6 55. Bc5 h5 56. Re8 Rc6 57. Bb4 Rc4 58. Be1 Rf4+ 59. Kg1 Rg4+ 60. Kf1 Kf5 61. Rf8+ Ke4 62. Rh8 Kf3 63. Bf2 Bc4+ 64. Ke1 Re4+ 65. Kd2 Kxf2 66. Rxh5 Bd5 67. Kd3 Kg3 68. Rh6 Rxh4 69.
Rg6+ Rg4 70. Rf6 Rf4 71. Rg6+ Kf3 72. Rg7 Ra4 73. Rf7+ Rf4 74. Rg7 Be4+ 75. Kd2 Bf5 76. Re7 Ra4 77. Rc7 Ra2+ 78. Kd1 e5 79. Rc3+ Kf4 80.
Rc5 e4 81. Rc4 Bg4+ 82. Ke1 Bf3 83. Rc3 e3 84. Rc4+ Be4 85. Rc3 Kf3 86. Rc1 Rh2 0-1

[Event "*** Titled Tuesday Blitz"]
[Site "Chess.com"]
[Date "2018.08.07"]
[Round "1"]
[White "GMKrikor"]
[Black "WarlordX"]
[Result "1-0"]
[WhiteElo "2788"]
[BlackElo "2387"]
[TimeControl "180+2"]
[EndTime "13:12:25 PDT"]
[Termination "GMKrikor won by checkmate"]

1. e4 c5 2. Nf3 Nc6 3. Bb5 Nf6 4.
Nc3 a6 5. Bxc6 dxc6 6. d3 g6 7. h3 Bg7 8. a4 a5 9. Be3 b6 10. Qd2 Qc7 11. Bh6 O-O 12. O-O Rd8 13. Bxg7 Kxg7 14.
Qe3 e5 15. Nh2 Nh5 16. Ne2 Be6 17. b3 Qd6 18. f4 exf4 19. Nxf4 Nxf4 20. Qxf4 Qxf4 21.
Rxf4 b5 22. Rf2 c4 23. axb5 cxb5 24. bxc4 bxc4 25. Ra3 a4 26. Nf3 cxd3 27. cxd3 Bb3 28. Rd2 Re8 29. Nd4 Be6 30. Kf2 Ra6 31. Ke3 Rb8 32.
Nxe6+ fxe6 33. Rda2 Rb4 34. Kd2 e5 35. Kc3 Rd4 36.
Rb2 Rad6 37. Kc2 g5 38. Rb5 Kf6 39. Ra5 Rc6+ 40. Kd2 Rb6 41. R5xa4 Rb2+ 42. Kc3 Rxa4 43. Rxa4 Rxg2 44. Ra6+ Kf7 45. Kc4 Rd2 46. Ra3 h5 47. Kd5 Kf6 48. Ra6+ Kf7 49. Kxe5 Rxd3 50. Kf5 Rxh3 51.
Ra7+ Ke8 52. Kxg5 h4 53. Kf6 Re3 54. e5 h3 55. Rh7 Kd8 56. Ke6 Ra3 57. Rh8+ Kc7 58.
Ke7 Rg3 59. e6 Rf3 60. Ke8 Kd6 61. e7 Re3 62. Rh6+ Kc7 63. Rh4 Kd6 64. Rd4+ Ke6 65.
Kd8 Kf5 66. Rh4 Kg5 67. Rxh3 Rxh3 68. e8=Q Rf3 69. Qe5+ Rf5 70. Qg7+ Kf4 71. Kd7 Ke4 72. Qc3 Rd5+ 73. Ke6 Rd3 74. Qc2 Kd4 75. Kf5 Re3 76. Kf4 Rc3 77. Qd2+ Rd3 78. Qb2+ Kd5 79.
Qb5+ Kd4 80. Qe5+ Kc4 81. Ke4 Rd1 82. Qc7+ Kb3 83. Qb6+ Kc3 84. Qc5+ Kb3 85. Ke3 Kb2 86. Qc4 Kb1 87. Qc3 Rc1 88. Qb3+ Ka1 89. Qa3+ Kb1 90. Qb4+ Kc2 91. Ke2 Ra1 92. Qc4+ Kb2 93. Kd2 Ra3 94.
Qd4+ Kb1 95. Qb4+ Ka2 96. Kc2 Rh3 97. Qa5+ Ra3 98. Qd5+ Ka1 99. Qd1+ Ka2 100. Qb1# 1-0

[Event "*** Titled Tuesday Blitz"]
[Site "Chess.com"]
[Date "2018.08.07"]
[Round "1"]
[White "RitvarsReimanis"]
[Black "tteshan"]
[Result "1/2-1/2"]
[WhiteElo "2441"]
[BlackElo "2008"]
[TimeControl "180+2"]
[EndTime "13:12:26 PDT"]
[Termination "Game drawn by agreement"]

1. d4 d5 2. c4 dxc4 3. Nf3 Nf6 4. e3 Bg4 5. Bxc4 e6 6. O-O a6 7.
Bb3 Nbd7 8. h3 Bh5 9. Nbd2 c5 10. Qe1 Bd6 11. Nc4 Bc7 12. dxc5 O-O 13. Nd4 Nxc5 14.
Bd2 Nxb3 15. Nxb3 Bg6 16. Bb4 Re8 17. Rd1 Qb8 18. Bd6 Bxd6 19. Nxd6 Rd8 20. Nc4 Qa7 21.
Ne5 Be4 22. Qa5 b6 23. Qb4 Rac8 24. Rxd8+ Rxd8 25. Nd4 Qc7 26. Ng4 Nxg4 27. hxg4 h6 28. f3 Bb7 29. Ne2 a5 30. Qc3 Qxc3 31. Nxc3 Rd2 32.
Rf2 Rd3 33. e4 Kf8 34. Rc2 Ke7 35. Na4 b5 36. Rc7+ Rd7 37. Rxd7+ Kxd7 38. Nc5+ Kc6 39. Nd3 b4 40. Kf2 Kb5 41. Ke3 f6 42. b3 e5 43. f4 exf4+ 44. Nxf4 Bc8 45. Nh5 Bxg4 46. Nxg7 Kc5 47. Ne8 f5 48. Nf6 Kd6 49. Kf4 Bd1 50. exf5 Bc2 51. Ne4+ Ke7 52. Nc5 Bb1 53. Nb7 Bxa2 54.
Nxa5 Kf6 55. g4 Bb1 56. Nc6 Bc2 57. Nxb4 Bxb3 58. Nd3 Bc4 59. Nc5 Bd5 60. Nd7+ Ke7 61. Nb6 Bb3 62. Ke5 Bd1 63. Nd5+ Kf7 64. Ne3 Bf3 65. f6 Be2 66. Nf5 Kg6 67. Ne3 Kf7 68.
Nf5 Kg6 69. Ke6 Bc4+ 70. Ke7 h5 71. Nd6 Bd5 72. gxh5+ Kxh5 73. Nf7 Kg6 74. Ne5+ Kh7 75. Nd3 Bc4 76. Nf4 Bg8 77. Kd6 Bf7 78. Ke5 Kg8 79.
Kf5 Kf8 80. Kg5 Be8 81. Ng6+ Bxg6 82. Kxg6 Kg8 83. Kg5 Kf7 84. Kf5 Kf8 85. Ke6 Ke8 86. Kd6 Kf7 87. Ke5 Kf8 88. Kf5 Kf7 89. Kg5 Kf8 90. Kg6 Kg8 91. Kg5 Kf8 92. Kf5 Kf7 93. Ke5 Kf8 94. Kf4 Kf7 95. Kf5 Kf8 96. Ke6 Ke8 97. Kd6 Kf7 1/2-1/2

[Event "*** Titled Tuesday Blitz"]
[Site "Chess.com"]
[Date "2018.08.07"]
[Round "1"]
[White "HovmoellerHest"]
[Black "Iball95"]
[Result "1-0"]
[WhiteElo "2266"]
[BlackElo "2524"]
[TimeControl "180+2"]
[EndTime "13:12:38 PDT"]
[Termination "HovmoellerHest won by checkmate"]

1. d4 d6 2. c4 e5 3. d5 f5 4. Nc3 Nf6 5. g3 g6 6. Bg2 Bg7 7. e4 O-O 8. exf5 Bxf5 9. Nf3 Na6 10. O-O Nc5 11. Be3 Bd3 12. Re1 Bxc4 13. Bxc5 dxc5 14.
Nxe5 Ba6 15. Qb3 Qd6 16. Nb5 Bxb5 17. Qxb5 Rab8 18. Nc4 Qd7 19. Qxc5 Ng4 20. Re2 b5 21. Na5 Rbe8 22. Rae1 Rxe2 23. Rxe2 Qf5 24. Be4 Qh5 25. h4 Ne5 26. Qc2 Qg4 27. Kg2 Nc4 28. Nxc4 bxc4 29. Qxc4 Be5 30. Qd3 Bd6 31. Bf3 Qd7 32. Re6 Qf7 33.
Qe4 Kg7 34. b4 Rb8 35. a3 Rf8 36. Qe2 Qf5 37. Re4 Rf7 38. Rc4 Re7 39. Re4 Rf7 40. Rc4 Re7 41. Re4 Rf7 42. Bg4 Qf6 43. Be6 Rf8 44.
Re3 Qd4 45. Qd3 Qb2 46. Qc3+ Qxc3 47. Rxc3 Ra8 48. f4 a5 49. b5 a4 50. Kf3 Rb8 51.
Bd7 Rf8 52. Ke4 Rf7 53. Be6 Rf8 54. Kd3 h6 55. Rc4 Bxa3 56. Rxa4 Bd6 57. Ra7 Kf6 58. Ke4 g5 59. hxg5+ hxg5 60. Rb7 gxf4 61. gxf4 Rh8 62. b6 cxb6 63. Rxb6 Ke7 64. Rb7+ Kf6 65. Rf7+ Kg6 66. f5+ Kg5 67. Rg7+ Kf6 68. Rg6+ Ke7 69. f6+ Kf8 70. Bg4 Rh1 71. Be6 Rh8 72. f7 Ke7 73. Rg8 Rh4+ 74. Kf5 Rf4+ 75. Kg5 Rxf7 76. Bxf7 Kxf7 77. Ra8 Bc5 78.
Kf5 Ke7 79. Ke4 Kd6 80. Re8 Kd7 81. Re6 Bb4 82. Rc6 Ba3 83. Kf5 Bb2 84. Rb6 Bd4 85.
Ra6 Bb2 86. Ke4 Bc3 87. d6 Be1 88. Kd5 Bf2 89. Ra2 Bg1 90. Rg2 Be3 91. Rg7+ Ke8 92. Ke6 Bb6 93. Rg8# 1-0

[Event "*** Titled Tuesday Blitz"]
[Site "Chess.com"]
[Date "2018.08.07"]
[Round "2"]
[White "dretch"]
[Black "Mimsychess"]
[Result "1-0"]
[WhiteElo "2753"]
[BlackElo "2285"]
[TimeControl "180+2"]
[EndTime "13:14:41 PDT"]
[Termination "dretch won by resignation"]

1. d4 Nf6 2. c4 e6 3. Nc3 Bb4 4. Qc2 O-O 5. e4 d5 6. e5 Ne4 7. Bd3 c5 8. Nf3 cxd4 9. Nxd4 Nd7 10. Bf4 Ndc5 11. O-O Bxc3 12. bxc3 dxc4 13. Bxe4 1-0

[Event "*** Titled Tuesday Blitz"]
[Site "Chess.com"]
[Date "2018.08.07"]
[Round "2"]
[White "ChessicallyInclined"]
[Black "sergeikim"]
[Result "0-1"]
[WhiteElo "2362"]
[BlackElo "2363"]
[TimeControl "180+2"]
[EndTime "13:17:04 PDT"]
[Termination "sergeikim won by resignation"]

1. d4 Nf6 2. c4 g6 3. Nc3 Bg7 4. e4 d6 5. f3 O-O 6. Be3 Nc6 7. Nge2 a6 8. Qd2 Rb8 9. Rc1 e5 10. d5 Ne7 11. Ng3 c5 12. dxc6 bxc6 13. Be2 d5 14. cxd5 cxd5 15. exd5 Nexd5 16. Nxd5 Nxd5 17. Bc5 Nf4 18. Qc2 Nxg2+ 19. Kf2 Nf4 20. Bxf8 Qd4+ 21. Ke1 Ng2+ 22. Kf1 Ne3+ 23. Ke1 Nxc2+ 24. Rxc2 Kxf8 0-1

[Event "*** Titled Tuesday Blitz"]
[Site "Chess.com"]
[Date "2018.08.07"]
[Round "2"]
[White "GMCanty"]
[Black "Maxim_e2e4"]
[Result "0-1"]
[WhiteElo "2234"]
[BlackElo "2394"]
[TimeControl "180+2"]
[EndTime "13:17:31 PDT"]
[Termination "Maxim_e2e4 won by resignation"]

1. e4 e5 2. Nf3 Nc6 3. d4 exd4 4. Bc4 Nf6 5. e5 d5 6. Bb5 Nd7 7. Bxc6 bxc6 8. O-O c5 9. c3 dxc3 10. Qxd5 cxb2 11. Bxb2 Nb6 12. Qe4 Qd5 13. Qf4 Qc4 14.
Qe3 Be7 15. Nbd2 Qg4 16. h3 Qg6 17. Ne4 Bxh3 18. Ng3 Be6 19. Ba3 Nc4 20. Qc3 h5 21. Rfe1 h4 22. Ne4 h3 23. g3 h2+ 24. Kh1 Bd5 0-1

[Event "*** Titled Tuesday Blitz"]
[Site "Chess.com"]
[Date "2018.08.07"]
[Round "2"]
[White "Indianlad"]
[Black "Aikiigm"]
[Result "1-0"]
[WhiteElo "2760"]
[BlackElo "2506"]
[TimeControl "180+2"]
[EndTime "13:17:49 PDT"]
[Termination "Indianlad won by resignation"]

1. e4 Nf6 2. e5 Nd5 3. d4 d6 4.
Nf3 dxe5 5. Nxe5 c6 6. Qf3 Be6 7. a3 Nd7 8. Nd3 N7f6 9. Nc5 Bc8 10. c4 Nc7 11. Be3 g6 12. Nc3 Bg7 13. h3 O-O 14.
Be2 Ne6 15. Nxe6 Bxe6 16. O-O Qc8 17. Rad1 Rd8 18. d5 cxd5 19. cxd5 Bf5 20. Rc1 Qd7 21. Bb5 Qd6 22. Bf4 Qb6 23. Bc4 Rac8 24. Qe2 Nd7 25. d6 exd6 26. Nd5 Qxb2 27. Ne7+ Kf8 28. Nxc8 Rxc8 29. Bxd6+ Kg8 30. Bxf7+ Kxf7 31. Qe7+ Kg8 32. Rxc8+ Nf8 33. Rxf8+ 1-0

[Event "*** Titled Tuesday Blitz"]
[Site "Chess.com"]
[Date "2018.08.07"]
[Round "2"]
[White "fidetrainerNET"]
[Black "AlanZhang"]
[Result "0-1"]
[WhiteElo "1911"]
[BlackElo "1922"]
[TimeControl "180+2"]
[EndTime "13:18:14 PDT"]
[Termination "AlanZhang won by resignation"]

1. d4 Nf6 2. c4 e6 3. Bg5 d5 4. e3 Be7 5. Nc3 O-O 6. Rc1 b6 7.
Nf3 Bb7 8. Ne5 Nbd7 9. f4 h6 10. Bh4 Nxe5 11. dxe5 Ne4 12. Bxe7 Qxe7 13. Nxe4 dxe4 14. Be2 Rfd8 15. Qb3 c5 16. O-O Rd2 17. Rf2 Rad8 18. Qc3 R8d7 19. Bh5 Qd8 20. Be2 Bc6 21. Kf1 Qh4 22. Kg1 R7d3 23. g3 Rxc3 24. Rxc3 Qd8 25. Kf1 Rxb2 26. Rc1 Ba4 27. h4 Qd2 28. h5 Qxc1+ 0-1